 Dungeon Crawl Stone Soup version 0.21-a0-260-g9b2435e (webtiles) character file.

1057 roguesci the Ducker (level 8, 0/60 HPs)
             Began as a Demonspawn Warper on Sept 6, 2017.
             Was a Follower of Uskayaw.
             Slain by a killer bee (6 damage)
             ... on level 5 of the Dungeon on Sept 7, 2017.
             The game lasted 00:23:58 (9560 turns).

roguesci the Ducker (Demonspawn Warper)             Turns: 9560, Time: 00:24:01

Health: 0/60       AC:  5    Str: 10 (11) XL:     8   Next: 6%
Magic:  0/22       EV: 19    Int: 12 (15) God:    Uskayaw [*.....]
Gold:   312        SH:  4    Dex: 17 (20) Spells: 4/14 levels left

rFire    . . .     SeeInvis .   n - +0 war axe
rCold    . . .     Gourm    .   (no shield)
rNeg     . . .     Faith    .   b - +0 leather armour
rPois    .         Spirit   +   (no helmet)
rElec    .         Reflect  .   y - +1 cloak
rCorr    .         Harm     .   (no gloves)
MR       .....                  (no boots)
Stlth    +++.......             (no amulet)
HPRegen  0.20/turn              (no ring)
MPRegen  0.36/turn              h - ring of magical power

@: agile, very slightly contaminated
A: large bone plates 1, magic shield, magic regeneration
a: Stomp, Renounce Religion


You were on level 5 of the Dungeon.
You worshipped Uskayaw.
Uskayaw was noncommittal.
You were very hungry.

You visited 1 branch of the dungeon, and saw 6 of its levels.

You collected 312 gold pieces.

Inventory:

Hand Weapons
 a - a +0 mace
 n - a +0 war axe (weapon)
Missiles
 i - 4 tomahawks
 k - 85 stones (quivered)
Armour
 b - a +0 leather armour (worn)
 y - a +1 cloak (worn)
Jewellery
 h - a ring of magical power (right hand)
 w - an uncursed ring of ice
Wands
 j - a wand of paralysis (7/24)
Scrolls
 d - a scroll of blinking
 l - 2 scrolls of enchant armour {unknown}
 m - 5 scrolls of teleportation {unknown}
 o - a scroll of amnesia {unknown}
 p - 7 scrolls of identify {unknown}
 q - a scroll of fear {unknown}
 r - a scroll of random uselessness {unknown}
 u - 2 scrolls of remove curse {unknown}
 v - a scroll of immolation {unknown}
 x - a scroll of enchant weapon {unknown}
Potions
 e - 4 potions of degeneration
Books
 c - a book of Spatial Translocations

   Spells                             Type                      Level
   a - Blink                          Translocation                2
   b - Shroud of Golubria             Charms/Translocation         2
   c - Lesser Beckoning               Translocation                3
   d - Gell's Gravitas                Translocation                3
   e - Teleport Other                 Translocation                3
   f - Passage of Golubria            Translocation                4
Comestibles
 f - 2 bread rations
 g - 2 meat rations
 s - a royal jelly


   Skills:
 * Level 4.2 Fighting
 + Level 1.7(2.4) Axes
 - Level 2.5(2.8) Maces & Flails
 - Level 0.8 Throwing
 + Level 3.0 Armour
 * Level 4.3 Dodging
 + Level 3.0 Stealth
 + Level 3.5 Spellcasting
 - Level 2.6 Translocations
 * Level 4.0 Invocations


You had 4 spell levels left.
You knew the following spells:

 Your Spells              Type           Power        Failure   Level  Hunger
a - Shroud of Golubria    Chrm/Tloc      #.........   26%         2    ##.....
b - Blink                 Tloc           N/A          16%         2    ##.....
c - Gell's Gravitas       Tloc           #.........   30%         3    ###....
d - Teleport Other        Tloc           #.......     30%         3    ###....


Dungeon Overview and Level Annotations

Branches:
Dungeon (6/15)
 Temple: D:4-7

Altars:
Fedhas
Gozag
Nemelex Xobeh
Uskayaw
Wu Jian
Xom
The Shining One

Shops:
D:4 *


Innate Abilities, Weirdness & Mutations

You are partially covered in large bone plates. (SH +4)
When hurt, damage is shared between your health and your magic reserves.
You regenerate magic rapidly.


Message History

The killer bee barely misses you. The killer bee barely misses you.
The killer bee stings you.
* * * LOW HITPOINT WARNING * * *
There is an escape hatch in the ceiling, spattered with blood here.
The killer bee barely misses you. x2
Your magical contamination has completely faded away.
A mysterious force pulls you upwards. The hatch slams shut behind you.
You see here a quarterstaff of chaos.
You miss the killer bee.
The killer bee is severely wounded.
The killer bee misses you. The killer bee completely misses you.
The killer bee barely misses you.
Casting: Shroud of Golubria
Confirm with . or Enter, or press ? or * to list all spells.
You miscast Shroud of Golubria.
You are very lightly contaminated with residual magic.
Nothing appears to happen.
You block the killer bee's attack. The killer bee stings you!
You die...

#.##### #####.######.## #)#
###.............. #.#
###.......####...## #.#
#.....###[# #.....
###.###..#### ### ######
###........# #
#...#......##♣♣♣♣♣ # ##
###.#######.y....♣.♣♣♣##### #
.####...#######.@.....♣..♣#...#
#
.....................♣♣♣♣.'...#
# .####...########....♣♣
♣♣#..)# # .# ###.# ####♣♣ #####
# .# #.# # .# #.# # .## #.# ###
####### #.#####.# #.#####..[...
#.......# #............


You could see a killer bee.

Vanquished Creatures
  An ogre (D:5)
  A centaur (D:4)
  2 scorpions
  2 killer bees (D:6)
  A jelly (D:5)
  A centaur skeleton (D:5)
  3 orc priests
  A hound (D:5)
  Crazy Yiuf (D:5)
  2 iguanas
  An orc wizard (D:4)
  3 worker ants
  7 gnolls
  16 adders
  An adder skeleton (D:5)
  3 worms
  3 dart slugs
  9 leopard geckos
  10 orcs
  9 bats
  10 giant cockroaches
  5 goblins
  11 hobgoblins
  4 jackals
  3 quokkas
  3 ball pythons
  A ball python skeleton (D:4)
  4 frilled lizards
  8 kobolds
  5 rats
131 creatures vanquished.

Notes
Turn   | Place    | Note
-------+----------+-------------------------------------------
     0 | D:1      | roguesci the Demonspawn Warper began the quest for the Orb.
     0 | D:1      | Reached XP level 1. HP: 16/16 MP: 3/3
    37 | D:1      | Reached skill level 1 in Armour
   435 | D:1      | Gained mutation: When hurt, damage is shared between your health and your magic reserves. [demonic ancestry]
   435 | D:1      | Reached XP level 2. HP: 19/22 MP: 5/5
   498 | D:1      | Learned a level 2 spell: Shroud of Golubria
   501 | D:1      | Learned a level 2 spell: Blink
  1020 | D:2      | Reached XP level 3. HP: 10/27 MP: 2/6
  1292 | D:2      | Reached skill level 1 in Stealth
  1538 | D:2      | Found a blossoming altar of Fedhas.
  1559 | D:2      | Reached XP level 4. HP: 15/33 MP: 1/7
  2763 | D:3      | Learned a level 3 spell: Gell's Gravitas
  2799 | D:3      | Gained mutation: You are partially covered in large bone plates. (SH +4) [demonic ancestry]
  2799 | D:3      | Reached XP level 5. HP: 24/39 MP: 4/9
  3136 | D:3      | Found an ornate altar of the Wu Jian Council.
  3136 | D:3      | Found a glowing golden altar of the Shining One.
  3136 | D:3      | Found a shimmering altar of Xom.
  3139 | D:3      | Found a sparkling altar of Nemelex Xobeh.
  3142 | D:3      | Found a hide-covered altar of Uskayaw.
  3150 | D:3      | Upgraded the game from 0.21-a0-258-g4c0eb85 to 0.21-a0-260-g9b2435e
  3207 | D:3      | Became a worshipper of Uskayaw the Reveler
  3229 | D:3      | Reached * piety under Uskayaw
  4023 | D:4      | Reached skill level 1 in Invocations
  4248 | D:4      | Reached ** piety under Uskayaw
  4537 | D:4      | Reached XP level 6. HP: 10/46 MP: 3/10
  5422 | D:4      | Found an opulent altar of Gozag.
  5424 | D:4      | Found Gozag's Platinum Reserve.
  6349 | D:5      | Entered Level 5 of the Dungeon
  7466 | D:5      | Gained mutation: You regenerate magic rapidly. [demonic ancestry]
  7466 | D:5      | Reached XP level 7. HP: 44/52 MP: 11/11
  7591 | D:4      | HP: 2/52 [centaur (4)]
  7593 | D:4      | Reached skill level 1 in Axes
  8327 | D:5      | Reached *** piety under Uskayaw
  8329 | D:5      | Reached **** piety under Uskayaw
  8339 | D:5      | HP: 1/53 [ogre/giant club (19)]
  8992 | D:5      | Found a runed door.
  9112 | D:5      | Learned a level 3 spell: Teleport Other
  9112 | D:5      | Noticed Crazy Yiuf
  9202 | D:5      | Killed Crazy Yiuf
  9527 | D:6      | Reached XP level 8. HP: 7/60 MP: 4/13
  9560 | D:5      | Slain by a killer bee

Vault maps used:
D:1:      kennysheep_arrival_seaside
D:2:      old_standard_altar, minmay_misc_feat_encased
D:3:      minitemple, dk_vineyard_3, corexii_leaking_fountain
D:4:      nicolae_gozag_zags_fifth_avenue, gup_sewer_entry_pipe, first_bread
D:5:      uniq_crazy_yiuf_cottage
D:6:      nicolae_overflow_hidden_temple, uniq_edmund, uniq_pikel

Skill      XL: |  1  2  3  4  5  6  7  8 |
---------------+-------------------------+-----
Armour         | 1 2 3 |  3.0
Dodging        | 2 3 4 |  4.3
Stealth        | 1 2 3 |  3.0
Maces & Flails | 2 |  2.5
Invocations    | 1 2 3 4 |  4.0
Fighting       | 3 4 |  4.2
Spellcasting   | 3 |  3.5
Axes           | 1 |  1.7
Throwing       | |  0.8
Translocations | |  2.6

Action                   |  1- 3 |  4- 6 |  7- 9 || total
-------------------------+-------+-------+-------++-------
Melee: Mace              |   162 |   120 |       ||   282
       War axe           |       |   228 |   129 ||   357
Throw: Stone             |       |   102 |     1 ||   103
       Tomahawk          |       |     5 |       ||     5
 Cast: Shroud of Golubri |     6 |    37 |    16 ||    59
       Blink             |     1 |       |       ||     1
Invok: Line Pass         |       |       |     4 ||     4
       Stomp             |       |       |     2 ||     2
  Use: Potion            |       |     9 |     4 ||    13
 Stab: Sleeping          |     2 |     8 |     3 ||    13
       Invisible         |       |     1 |       ||     1
       Paralysed         |       |       |     3 ||     3
       Confused          |       |       |     1 ||     1
  Eat: Chunk             |     3 |    15 |     1 ||    19
       Royal jelly       |       |     2 |       ||     2
       Fruit             |       |     8 |     4 ||    12
Armor: Leather armour    |    52 |    66 |    20 ||   138
Dodge: Dodged            |   143 |   353 |   157 ||   653
Block: Other             |       |    56 |    33 ||    89

Table legend:
 A = Spawn XP
 B = Non-spawn XP
 C = Spawn XP percentage of total XP
 D = Spawn monster count
 E = Non-spawn monster count
 F = Spawn count percentage of total count
 G = Total turns spent on level
                    A         B        C        D         E        F      G
               +---------+---------+-------+---------+---------+-------+---------
         Total |       0 |    1511 |   0.0 |       0 |     131 |   0.0 |  9560
               +---------+---------+-------+---------+---------+-------+---------
           D:1 |       0 |      31 |   0.0 |       0 |      18 |   0.0 |   990
           D:2 |       0 |     104 |   0.0 |       0 |      28 |   0.0 |  1497
           D:3 |       0 |     152 |   0.0 |       0 |      27 |   0.0 |  1661
           D:4 |       0 |     552 |   0.0 |       0 |      37 |   0.0 |  3636
           D:5 |       0 |     474 |   0.0 |       0 |      16 |   0.0 |  1528
           D:6 |       0 |     198 |   0.0 |       0 |       5 |   0.0 |   248
               +---------+---------+-------+---------+---------+-------+---------
